 Dungeon Crawl Stone Soup version 0.18.1-47-g9310371 (webtiles) character file.

1771 Shtopit the Thaumaturge (level 8, -14/47 HPs)
             Began as a Deep Elf Conjurer on June 20, 2016.
             Demolished by a white ugly thing (40 damage)
             ... on level 6 of the Dungeon.
             The game lasted 00:24:24 (7293 turns).

Shtopit the Thaumaturge (Deep Elf Conjurer)         Turns: 7293, Time: 00:24:25

Health: -14/47     AC: 12    Str:  5    XL:     8   Next: 80%
Magic:  6/23       EV:  9    Int: 23    God:
Gold:   349        SH:  0    Dex: 15    Spells: 5 memorised, 12 levels left

rFire  + . .     SeeInvis .     z - +2 scythe (slice)
rCold  . . .     Gourm    .     H - +0 troll leather armour
rNeg   . . .     Faith    .     (shield currently unavailable)
rPois  .         Spirit   .     (no helmet)
rElec  .         Dismiss  .     (no cloak)
rCorr  .         Reflect  .     (no gloves)
SustAt .         Harm     +     d - +1 pair of boots
MR     .....                    s - amulet of harm
Stlth  ++........               w - +6 ring of protection
                                n - ring of loudness (curse)

@: not resistant to hostile enchantments, unstealthy
A: fire resistance 1, robust 1
a: no special abilities


You were on level 6 of the Dungeon.
You were hungry.

You visited 1 branch of the dungeon, and saw 6 of its levels.
You also visited: Sewer.

You collected 349 gold pieces.

Inventory:

Hand Weapons
 l - a +0 dagger
 t - a +0 hunting sling
 u - a +0 blowgun
 x - a cursed -2 dagger
 z - a +2 scythe of slicing (weapon)
 E - a +1 long sword of holy wrath
 J - the +2 falchion of Deflation {slice, Str+4 SInv, unknown}
   (You took it off an orc on level 5 of the Dungeon)

   It inflicts extra damage upon your enemies.
   It affects your strength (+4).
   It lets you see invisible.
Missiles
 k - 2 needles of confusion
 o - 179 stones (quivered)
 v - 48 poisoned needles
Armour
 a - a +0 robe
 d - a +1 pair of boots (worn)
 h - a +0 leather armour
 y - a +2 robe of fire resistance {Siggy's!}
 H - a +0 troll leather armour (worn)
Jewellery
 e - an uncursed amulet of dismissal {unknown}
 n - a cursed ring of loudness (left hand)
 s - an amulet of harm (around neck)
 w - a +6 ring of protection (right hand)
 C - an uncursed ring of ice
 K - an uncursed ring of sustain attributes {unknown}
Wands
 g - a wand of lightning (8/15)
Scrolls
 F - a scroll of noise
 I - a scroll of amnesia {unknown}
 L - a scroll of fear {unknown}
Potions
 i - 2 potions of berserk rage
 j - 2 potions of might
 m - 5 potions of curing
 p - 2 potions of heal wounds
 r - 2 potions of lignification {unknown}
 A - a potion of degeneration {unknown}
 B - 3 potions of flight {unknown}
 G - a potion of ambrosia {unknown}
Books
 b - a book of Conjurations

   Spells                             Type                      Level
   a - Magic Dart                     Conjuration                  1
   b - Searing Ray                    Conjuration                  2
   c - Dazzling Spray                 Conjuration/Hexes            3
   d - Fulminant Prism                Conjuration/Hexes            4
   e - Iskenderun's Mystic Blast      Conjuration                  4
   f - Iskenderun's Battlesphere      Conjuration/Charms           5
 f - a book of Cantrips

   Spells                             Type                      Level
   a - Corona                         Hexes                        1
   b - Animate Skeleton               Necromancy                   1
   c - Summon Small Mammal            Summoning                    1
   d - Apportation                    Translocation                1
Comestibles
 c - 5 bread rations
 q - 5 meat rations
 D - 7 chunks of flesh


   Skills:
 + Level 1.0 Fighting
 + Level 0.4 Short Blades
 + Level 0.2 Polearms
 + Level 0.2 Armour
 + Level 6.2 Dodging
 + Level 4.5 Stealth
 - Level 0.1 Unarmed Combat
 + Level 9.6 Spellcasting
 + Level 8.4 Conjurations


You had 12 spell levels left.
You knew the following spells:

 Your Spells              Type           Power        Failure   Level  Hunger
a - Magic Dart            Conj           ####         1%          1    None
b - Searing Ray           Conj           #####.       1%          2    None
c - Dazzling Spray        Conj/Hex       ####..       6%          3    None
d - Iskenderun's Mystic   Conj           #####...     3%          4    ##.....
e - Fulminant Prism       Conj/Hex       ####......   17%         4    ##.....


Dungeon Overview and Level Annotations

Branches:
Dungeon (6/15)
 Temple: D:4-7

Altars:
Ashenzari
Dithmenos
Elyvilon
Gozag
Nemelex Xobeh
Pakellas
Trog


Innate Abilities, Weirdness & Mutations

Your flesh is heat resistant.
You are robust (+10% HP).


Message History

The orb of energy hits the white ugly thing.
The white ugly thing is heavily wounded.
Casting: Iskenderun's Mystic Blast
Confirm with . or Enter, or press ? or * to list all spells.
Aiming: Iskenderun's Mystic Blast
Press: ? - help, Shift-Dir - straight line, f/p - white ugly thing
Aim: a white ugly thing (heavily wounded)
The orb of energy misses the white ugly thing.
Casting: Iskenderun's Mystic Blast
Confirm with . or Enter, or press ? or * to list all spells.
You don't have enough magic to cast that spell.
Unknown command.
Unknown command.
You see here an arrow.
You are feeling hungry.
There is an escape hatch in the floor here.
There is a stone staircase leading up here.
The white ugly thing engulfs you! The white ugly thing freezes you!!
Ouch! That really hurt!
You die...

.(.# #.......>.### .#.#
#...........#
.#.########........##.## .#
.#........#...#######..#..#
....(.....#.### ###....#
.....(....#.#######.....##
.#........>.#.......#...##..
..........#....########....#
..........#..#.u@..#........
##...........#####...##....#
#)..........######........#
#)........................#
#.......<..........#.......
..............#..........#
........................#...
....####.###...##...<...#.#
..... #.##...###.........#


You could see a white ugly thing.

Vanquished Creatures
  A troll (D:5)
  Sigmund (D:3)
  2 ice beasts (D:5)
  A sky beast (D:5)
  An ogre (D:5)
  2 centaurs
  A big kobold (Sewer)
  2 howler monkeys
  A jelly (D:5)
  A centaur zombie (D:5)
  3 hounds
  A quasit (D:4)
  2 giant frog skeletons (D:5)
  2 orc priests (D:5)
  2 centaur skeletons
  Jessica (D:3)
  3 worker ants
  A hound zombie (D:5)
  A howler monkey zombie (D:4)
  A worker ant zombie (D:4)
  A gnoll (D:1)
  7 adders
  5 river rats
  An ooze (D:4)
  An adder skeleton (D:5)
  2 worms
  2 dart slugs
  3 giant geckos
  13 orcs
  A ball python (D:4)
  5 giant cockroaches
  5 goblins
  5 hobgoblins
  15 jackals
  10 kobolds
  6 quokkas
  8 bats
  2 giant gecko zombies
  A giant newt (D:1)
  18 rats
141 creatures vanquished.

Vanquished Creatures (others)
  An ugly thing (D:5)
1 creature vanquished.

Grand Total: 142 creatures vanquished

Notes
Turn   | Place    | Note
--------------------------------------------------------------
     0 | D:1      | Shtopit the Deep Elf Conjurer began the quest for the Orb.
     0 | D:1      | Reached XP level 1. HP: 10/10 MP: 6/6
   226 | D:1      | Reached XP level 2. HP: 11/15 MP: 0/8
   614 | D:1      | Learned a level 2 spell: Searing Ray
   663 | D:1      | Reached skill level 5 in Conjurations
   663 | D:1      | Reached XP level 3. HP: 19/19 MP: 0/9
   747 | D:1      | Learned a level 3 spell: Dazzling Spray
  1681 | D:2      | Reached XP level 4. HP: 21/24 MP: 4/11
  1915 | D:2      | Learned a level 4 spell: Iskenderun's Mystic Blast
  2276 | D:3      | Noticed Jessica
  2278 | D:3      | Killed Jessica
  2639 | D:3      | Found a shadowy altar of Dithmenos.
  2641 | D:3      | Reached XP level 5. HP: 28/28 MP: 10/12
  2664 | D:3      | Noticed Sigmund
  2668 | D:3      | Killed Sigmund
  2668 | D:3      | Reached skill level 4 in Spellcasting
  2668 | D:3      | Reached XP level 6. HP: 33/33 MP: 4/15
  2848 | D:3      | Found a bloodstained altar of Trog.
  3012 | D:3      | Found an opulent altar of Gozag.
  3154 | D:4      | Reached skill level 5 in Spellcasting
  3185 | D:4      | Found a glowing drain.
  3202 | Sewer    | Entered a sewer
  3486 | Sewer    | Found a glowing silver altar of Zin.
  3636 | D:4      | Learned a level 4 spell: Fulminant Prism
  3755 | D:4      | Found a white marble altar of Elyvilon.
  3810 | D:4      | Reached skill level 6 in Spellcasting
  3810 | D:4      | Reached XP level 7. HP: 37/37 MP: 8/18
  4425 | D:4      | Found a shattered altar of Ashenzari.
  4436 | D:4      | Gained mutation: You are agile. (Dex +2) [potion of mutation]
  4436 | D:4      | Gained mutation: You expend magic power (3 MP) to strengthen your wands. [potion of mutation]
  4436 | D:4      | Lost mutation: You are agile. (Dex +2) [potion of mutation]
  4437 | D:4      | Gained mutation: You are dopey. (Int -2) [potion of mutation]
  4437 | D:4      | Gained mutation: You are weak. (Str -2) [potion of mutation]
  4437 | D:4      | Gained mutation: You are robust (+10% HP). [potion of mutation]
  4438 | D:4      | Lost mutation: You are weak. (Str -2) [potion of cure mutation]
  4438 | D:4      | Lost mutation: You expend magic power (3 MP) to strengthen your wands. [potion of cure mutation]
  4438 | D:4      | Lost mutation: You are dopey. (Int -2) [potion of cure mutation]
  4439 | D:4      | Gained mutation: Your flesh is heat resistant. [potion of beneficial mutation]
  4912 | D:5      | Entered Level 5 of the Dungeon
  5373 | D:5      | Reached skill level 7 in Spellcasting
  5664 | D:5      | Found a sparkling altar of Nemelex Xobeh.
  5875 | D:5      | Found an oddly glowing altar of Pakellas.
  5875 | D:5      | Noticed a cyan ugly thing
  5883 | D:5      | Killed a cyan ugly thing
  5994 | D:5      | Reached skill level 5 in Dodging
  6087 | D:5      | Noticed a troll
  6118 | D:5      | Reached XP level 8. HP: 4/46 MP: 5/21
  6518 | D:5      | Killed a troll
  6518 | D:5      | Reached skill level 8 in Spellcasting
  6756 | D:5      | Reached skill level 9 in Spellcasting
  6919 | D:5      | Got a blackened falchion {slice}
  7271 | D:6      | Noticed a white ugly thing
  7277 | D:6      | Reached skill level 1 in Fighting
  7293 | D:6      | Demolished by a white ugly thing

Skill      XL: |  1  2  3  4  5  6  7  8 |
---------------+-------------------------+-----
Dodging        | 3 4 5 6 |  6.2
Conjurations   | 5 6 7 8 |  8.4
Stealth        | 3 4 |  4.5
Spellcasting   | 4 6 7 9 |  9.6
Fighting       | 1 |  1.0
Short Blades   | |  0.4
Polearms       | |  0.2
Armour         | |  0.2
Unarmed Combat | |  0.1

Action                   |  1- 3 |  4- 6 |  7- 9 || total
-------------------------+-------+-------+-------++-------
Melee: Unarmed           |    19 |       |       ||    19
       Dagger            |     7 |     1 |       ||     8
       Scythe            |       |     6 |     3 ||     9
 Cast: Magic Dart        |    68 |    96 |   108 ||   272
       Searing Ray       |     1 |     3 |    12 ||    16
       Iskenderun's Myst |       |     5 |    16 ||    21
  Use: Potion            |     3 |       |     4 ||     7
       Scroll            |       |     1 |    10 ||    11
  Eat: Chunk             |     2 |     8 |     7 ||    17
       Beef jerky        |       |       |     1 ||     1
       Royal jelly       |       |       |     1 ||     1
Armor: Robe              |    12 |     4 |     7 ||    23
       Troll leather arm |       |       |     2 ||     2
Dodge: Dodged            |    32 |    15 |    42 ||    89
